 Dungeon Crawl Stone Soup version 0.20-a0-555-gf6ae02d (webtiles) character file.

3649 M4edhros the Covert (level 10, -1/65 HPs)
             Began as an Octopode Artificer on Feb 4, 2017.
             Was an Initiate of Gozag.
             Slain by a two-headed ogre
             ... wielding a +0 giant club
              (9 damage)
             ... on level 8 of the Dungeon.
             The game lasted 00:17:07 (8827 turns).

M4edhros the Covert (Octopode Artificer)            Turns: 8827, Time: 00:17:08

Health: -1/65      AC:  1    Str: 12    XL:     10   Next: 12%
Magic:  14/14      EV: 18    Int: 13    God:    Gozag
Gold:   477        SH:  8    Dex: 13    Spells: 9/9 levels left

rFire    . . .     SeeInvis +   a - +0 short sword (venom)
rCold    . . .     Gourm    .   f - +3 buckler of Orthodoxy {rElec Regen+ Dex-3}
rNeg     . . .     Faith    .   (helmet restricted)
rPois    .         Spirit   .   (no amulet)
rElec    +         Reflect  .   k - ring of resist corrosion
rCorr    +         Harm     .   H - +3 ring of evasion
MR       .....                  I - ring of see invisible
Stlth    ++++++....             (no ring)
Regen    0.6/turn               (no ring)
                                (no ring)
                                (no ring)
                                (no ring)

@: no status effects
A: almost no armour, stealthy swim, amphibious, 8 rings, constrict 8, camouflage
1, gelatinous body 1
a: Potion Petition, Call Merchant, Bribe Branch, Renounce Religion


You were on level 8 of the Dungeon.
You worshipped Gozag.
Gozag was aware of your devotion.
You were not hungry.

You visited 2 branches of the dungeon, and saw 9 of its levels.

You collected 1412 gold pieces.
You spent 256 gold pieces at shops.
You paid 679 gold pieces to Gozag.

Inventory:

Hand Weapons
 a - a +0 short sword of venom (weapon)
 c - a +0 blowgun
 e - a +0 mace of protection
 y - a +1 hunting sling
 A - a +0 blowgun
Missiles
 d - 4 curare-tipped needles
 l - 253 stones (quivered)
 B - 84 poisoned needles
 D - 4 javelins
 L - 43 sling bullets
Armour
 f - the +3 buckler of Orthodoxy (worn) {rElec Regen+ Dex-3}
   (You bought it in a shop on level 6 of the Dungeon)

   It affects your dexterity (-3).
   It insulates you from electricity.
   It increases your rate of regeneration.
 q - a +0 large shield
 K - a +2 large shield
Jewellery
 k - a ring of resist corrosion (left tentacle)
 H - a +3 ring of evasion (right tentacle)
 I - a ring of see invisible (on tentacle)
Wands
 b - a wand of flame (23/48)
 s - a wand of iceblast (2/15)
 u - a wand of flame (20/48)
Scrolls
 h - 2 scrolls of teleportation
 n - a scroll of amnesia
 x - 2 scrolls of recharging
 G - 5 scrolls of remove curse
Potions
 p - a potion of berserk rage
 v - 2 potions of lignification
 w - 3 potions of curing
 E - a potion of mutation {unknown}
 F - 2 potions of cancellation {unknown}
Books
 C - a book of Changes

   Spells                             Type                      Level
   a - Beastly Appendage              Transmutation                1
   b - Sticks to Snakes               Transmutation                2
   c - Spider Form                    Transmutation/Poison         3
   d - Ice Form                       Ice/Transmutation            4
   e - Blade Hands                    Transmutation                5
 J - a book of Air

   Spells                             Type                      Level
   a - Shock                          Conjuration/Air              1
   b - Swiftness                      Charms/Air                   2
   c - Repel Missiles                 Charms/Air                   2
   d - Static Discharge               Conjuration/Air              3
   e - Lightning Bolt                 Conjuration/Air              5
 M - a book of Maledictions

   Spells                             Type                      Level
   a - Corona                         Hexes                        1
   b - Ensorcelled Hibernation        Hexes/Ice                    2
   c - Confuse                        Hexes                        3
   d - Tukima's Dance                 Hexes                        3
   e - Dazzling Spray                 Conjuration/Hexes            3
Comestibles
 i - 7 royal jellies
 m - 11 fruits
 t - 4 meat rations


   Skills:
 + Level 4.5 Fighting
 - Level 1.0 Short Blades
 * Level 6.6 Slings
 + Level 5.1 Dodging
 + Level 12.1 Stealth
 + Level 3.9 Shields
 + Level 5.7 Evocations


You had 9 spell levels left.
You didn't know any spells.

Dungeon Overview and Level Annotations

Branches:
Dungeon (8/15)             Temple (1/1) D:7
   Lair: D:8-11

Altars:
Dithmenos
Elyvilon
Gozag
Nemelex Xobeh
Okawaru
Trog
Xom
Yredelemnul

Shops:
D:6 [


Innate Abilities, Weirdness & Mutations

You cannot wear most types of armour.
You are very stealthy in the water. (Stealth+)
You are amphibious.
You can wear up to eight rings at the same time.
You can use your tentacles to constrict eight enemies at once.
Your skin changes colour to match your surroundings (Stealth+).
Your rubbery body absorbs attacks. (AC +1, EV +1)


Message History

You block the two-headed ogre's attack.
Evoke which item? (* to show all) (? for menu, Esc to quit)
Aiming: Iceblast (will waste charges)
Press: ? - help, Shift-Dir - straight line, p - two-headed ogre The mass of ice explodes!
The iceblast engulfs the two-headed ogre.
The two-headed ogre is severely wounded.
Evoking this partially-identified wand wasted a few charges.
You hear a croak.
The hound zombie completely misses you.
Unknown command.
Unknown command.
You barely miss the two-headed ogre.
The two-headed ogre is severely wounded.
The worker ant misses you.
The two-headed ogre hits you with a giant club!!
* * * LOW HITPOINT WARNING * * *
The two-headed ogre hits you with a giant club!
You die...
Your body crumbles into a pile of gold.

#####.###### .........
#.....# ## #.....# .#.
#.....##.#.
#........#.
##########......####
#...................
#..@O..............#
#.aZ.$...?.#######.#
+....≈.....#######.#
#..........#........
......................
###..........#........
#.........$.....####
#.........$......#
...........#.###..#


You could see a two-headed ogre, a worker ant and a hound zombie.

Vanquished Creatures
  A two-headed ogre (D:8)
  Prince Ribbit (D:6)
  A hippogriff (D:8)
  Eustachio (D:4)
  A sky beast (D:8)
  2 phantoms
  An ice beast (D:6)
  5 ogres
  A centaur (D:4)
  The ghost of M4edhros the Sneak, an amateur OpAr (D:3)
  2 big kobolds (D:7)
  A bullfrog (D:6)
  A water moccasin zombie (D:6)
  A scorpion (D:7)
  5 wights (D:6)
  3 howler monkeys
  3 crimson imps
  A quasit (D:5)
  A bullfrog zombie (D:7)
  A centaur zombie (D:6)
  A centaur skeleton (D:4)
  A jelly (D:7)
  4 orc wizards
  2 bullfrog skeletons (D:5)
  3 hounds
  2 iguanas
  7 worker ants
  A hound zombie (D:5)
  The ghost of M4edhros the Sneak, a weakling OpAr (D:4)
  A howler monkey zombie (D:7)
  10 adders
  An adder skeleton (D:5)
  2 worms
  A dart slug (D:1)
  6 leopard geckos
  24 orcs
  6 bats
  4 giant cockroaches
  10 goblins
  10 hobgoblins
  13 jackals
  2 quokkas
  3 frilled lizards
  A jackal skeleton (D:5)
  12 kobolds
  2 leopard gecko skeletons
  A leopard gecko zombie (D:7)
  A quokka skeleton (D:5)
  2 quokka zombies
  5 rats
173 creatures vanquished.

Vanquished Creatures (collateral kills)
  A wyvern skeleton (D:4)
  An orc (D:4)
  A hobgoblin (D:3)
3 creatures vanquished.

Vanquished Creatures (others)
  A bullfrog (D:4)
  An iguana (D:4)
  An adder (D:4)
  2 orcs (D:3)
5 creatures vanquished.

Grand Total: 181 creatures vanquished

Notes
Turn   | Place    | Note
-------+----------+-------------------------------------------
     0 | D:1      | M4edhros the Octopode Artificer began the quest for the Orb.
     0 | D:1      | Reached XP level 1. HP: 13/13 MP: 3/3
    48 | D:1      | Reached skill level 2 in Stealth
    84 | D:1      | Reached XP level 2. HP: 17/18 MP: 4/4
    98 | D:1      | Reached skill level 3 in Stealth
   525 | D:3      | Noticed a phantom
   527 | D:4      | Reached skill level 4 in Stealth
   716 | D:4      | Noticed a bullfrog
   726 | D:4      | Reached XP level 3. HP: 8/23 MP: 5/5
   960 | D:4      | Reached skill level 5 in Stealth
   966 | D:4      | Noticed M4edhros's ghost (weakling OpAr)
   976 | D:4      | Killed M4edhros's ghost
   976 | D:4      | Reached XP level 4. HP: 28/28 MP: 6/6
  1010 | D:4      | Noticed Eustachio
  1091 | D:4      | Reached skill level 6 in Stealth
  1163 | D:4      | Killed Eustachio
  1163 | D:4      | Reached skill level 8 in Stealth
  1163 | D:4      | Reached XP level 5. HP: 22/33 MP: 7/7
  1163 | D:4      | Reached XP level 6. HP: 26/38 MP: 8/8
  1185 | D:4      | Found an opulent altar of Gozag.
  1189 | D:4      | Found a bloodstained altar of Trog.
  1190 | D:4      | Found an iron altar of Okawaru.
  1206 | D:4      | Became a worshipper of Gozag Ym Sagoz the Greedy
  2613 | D:3      | Noticed M4edhros's ghost (amateur OpAr)
  2678 | D:3      | Killed M4edhros's ghost
  2678 | D:3      | Reached skill level 9 in Stealth
  3191 | D:3      | Killed a phantom
  3191 | D:3      | Reached skill level 10 in Stealth
  3191 | D:3      | Reached XP level 7. HP: 24/43 MP: 9/9
  3976 | D:4      | Reached skill level 1 in Slings
  4036 | D:4      | Found a shimmering altar of Xom.
  4739 | D:5      | Entered Level 5 of the Dungeon
  5539 | D:5      | Reached XP level 8. HP: 47/50 MP: 10/10
  6142 | D:6      | Found a sparkling altar of Nemelex Xobeh.
  6265 | D:6      | Reached skill level 1 in Shields
  6269 | D:6      | Reached skill level 11 in Stealth
  7189 | D:6      | Reached XP level 9. HP: 56/56 MP: 12/12
  7235 | D:6      | Noticed Prince Ribbit
  7249 | D:6      | Killed Prince Ribbit
  7249 | D:6      | Reached skill level 5 in Slings
  7293 | D:6      | Bought a dazzling buckler for 256 gold pieces
  7303 | D:6      | Identified the +3 buckler of Orthodoxy {rElec Regen+ Dex-3} (You bought it in a shop on level 6 of the Dungeon)
  7525 | D:7      | Found a bloodstained altar of Trog.
  7999 | D:7      | Found a staircase to the Ecumenical Temple.
  8021 | D:7      | Reached skill level 5 in Evocations
  8314 | Temple   | Entered the Ecumenical Temple
  8378 | D:8      | Noticed an eight-headed hydra
  8416 | D:8      | Noticed a two-headed ogre
  8420 | D:8      | Noticed a two-headed ogre
  8488 | D:8      | Killed a two-headed ogre
  8488 | D:8      | Reached skill level 12 in Stealth
  8488 | D:8      | Reached XP level 10. HP: 10/64 MP: 12/14
  8628 | D:8      | Reached skill level 5 in Dodging
  8827 | D:8      | Slain by a two-headed ogre

Vault maps used:
D:1:      erik_arrival_triangle_large
D:2:      kennysheep_generic_room_10
D:3:      corexii_shack_village
D:4:      overflow_temple_1_default, minitemple, minivault_4, uniq_eustachio
D:5:      first_bread
D:6:      nemelex_xobeh_ov_fountains_minmay, hex_intersection,
          uniq_prince_ribbit1
D:7:      minmay_temple_entry_large_hall, basic_altar
D:8:      grunt_livestock, kennysheep_generic_room_3
Temple:   lightli_temple_of_artemis

Skill      XL: |  1  2  3  4  5  6  7  8  9 10 |
---------------+-------------------------------+-----
Stealth        | 2 4 5 8 10 11 12 | 12.1
Slings         | 2 4 6 |  6.6
Fighting       | 2 3 4 |  4.5
Dodging        | 3 4 5 |  5.1
Shields        | 1 3 |  3.9
Evocations     | 4 5 |  5.7
Short Blades   | |  1.0

Action                   |  1- 3 |  4- 6 |  7- 9 | 10-12 || total
-------------------------+-------+-------+-------+-------++-------
Melee: Mace              |    30 |       |    58 |       ||    88
       Short sword       |     5 |    72 |   218 |    59 ||   354
       Constrict         |    12 |    17 |    57 |     7 ||    93
       Tentacles         |     5 |    17 |    56 |    10 ||    88
       Rapier            |       |     2 |       |       ||     2
 Fire: Hunting sling     |       |       |     4 |       ||     4
Invok: Call Merchant     |       |       |     1 |       ||     1
Evoke: Wand              |    10 |    23 |    19 |     4 ||    56
  Use: Potion            |     1 |       |     3 |     1 ||     5
       Scroll            |       |       |    11 |     5 ||    16
 Stab: Sleeping          |    10 |    14 |    25 |       ||    49
       Distracted        |     1 |     3 |     1 |     1 ||     6
       Confused          |       |     1 |       |       ||     1
       Invisible         |       |       |     3 |       ||     3
  Eat: Chunk             |       |     1 |       |       ||     1
       Bread ration      |       |     1 |     4 |     1 ||     6
Armor: Skin              |     9 |     2 |    15 |     5 ||    31
Dodge: Dodged            |    37 |    41 |   148 |    53 ||   279
Block: Large shield      |       |       |    81 |       ||    81
       Buckler           |       |       |    20 |    26 ||    46
